 Dungeon Crawl Stone Soup version 0.30-a0-920-g7493c07aab (webtiles) character file.

Game seed: 3898040026158154465

14769 12sPaWn12 the Basher (level 12, -14/75 HPs)
             Began as a Gargoyle Fighter on Mar 21, 2023.
             Was the Champion of Zin.
             Demolished by an azure jelly (17 damage)
             ... in an ice cave.
             The game lasted 00:37:43 (13962 turns).

12sPaWn12 the Basher (Gargoyle Fighter)            Turns: 13962, Time: 00:37:47

Health: -14/75     AC: 28    Str: 25    XL:     12   Next: 20%
Magic:  0/16       EV:  7    Int:  9    God:    Zin [******]
Gold:   1394       SH:  6    Dex: 15    Spells: 11/11 levels left

rFire   x . .      SeeInvis .    E - +4 mace
rCold   + . .      Faith    .    c - +0 buckler
rNeg    + . .      Spirit   +    o - +1 plate armour
rPois   ∞          Reflect  .    p - +0 helmet
rElec   +          Rampage  .    q - +0 cloak
rCorr   .                        f - +0 pair of gloves
Will    .....                    (no boots) Stlth
                                 N - amulet of guardian spirit
HPRegen 0.32/turn                j - +6 ring of dexterity
MPRegen 0.15/turn                C - ring of ice

@: mighty, invisible
A: sickness immunity, AC +8, negative energy resistance 1, electricity
resistance, torment resistance 1, petrification resistance
a: Renounce Religion, Recite, Vitalisation, Imprison, Sanctuary, Donate Gold


You were in an ice cave.
You worshipped Zin.
Zin was exalted by your worship.
You visited 2 branches of the dungeon, and saw 12 of its levels.
You also visited: Ossuary and Ice Cave.

You collected 1505 gold pieces.
You donated 111 gold pieces to Zin.

Inventory:

Hand Weapons
 E - a +4 mace (weapon)
 J - a +0 long sword
Armour
 c - a +0 buckler (worn)
 f - a +0 pair of gloves (worn)
 o - a +1 plate armour (worn)
 p - a +0 helmet (worn)
 q - a +0 cloak (worn)
Jewellery
 i - a ring of flight
 j - a +6 ring of dexterity (left hand)
 z - an amulet of reflection
 A - an amulet of faith
 C - a ring of ice (right hand)
 N - an amulet of guardian spirit (around neck)
Wands
 s - a wand of roots (15)
 t - a wand of polymorph (6)
 B - a wand of flame (5)
 G - a wand of paralysis (2)
 I - a wand of light (4)
 O - a wand of digging (14)
Scrolls
 g - a scroll of enchant weapon
 h - a scroll of butterflies
 r - 4 scrolls of poison
 D - a scroll of vulnerability
 M - 2 scrolls of identify
 P - a scroll of magic mapping
Potions
 a - 4 potions of flight {unknown}
 d - 4 potions of might
 e - 4 potions of magic
 k - 4 potions of degeneration {unknown}
 l - a potion of ambrosia
 m - a potion of brilliance {unknown}
 v - 4 potions of mutation
 w - 5 potions of lignification
 x - a potion of cancellation
 L - a potion of heal wounds {unknown}
Miscellaneous
 H - a phial of floods (inert)
 K - a phantom mirror (inert)


   Skills:
 * Level 8.9 Fighting
 * Level 11.9 Maces & Flails
 * Level 9.6 Armour
 + Level 1.1 Dodging
 + Level 0.8 Stealth
 * Level 8.8 Shields
 * Level 6.0 Invocations
 * Level 5.1 Evocations


You had 11 spell levels left.
You didn't know any spells.
Your spell library contained the following spells:

 Spells                   Type           Power      Damage    Failure   Level
 Sandblast                Erth           0%         2d4       99%         1
 Passwall                 Tmut/Erth      0%         N/A       100%        2
 Gell's Gravitas          Tloc           0%         N/A       100%        3
 Ignite Poison            Fire/Tmut/Pois 0%         N/A       100%        3
 Stone Arrow              Conj/Erth      0%         3d7       100%        3
 Teleport Other           Tloc           0%         N/A       100%        3
 Sticky Flame             Conj/Fire      0%         2d3       100%        4
 Alistair's Intoxication  Tmut/Pois      0%         N/A       100%        5
 Borgnjor's Vile Clutch   Necr/Erth      0%         N/A       100%        5
 Dispersal                Tloc           0%         N/A       100%        6
 Eringya's Noxious Bog    Tmut/Pois      0%         N/A       100%        6
 Ignition                 Fire           0%         3d3       100%        8


Dungeon Overview and Level Annotations

Branches:
Dungeon (11/15)            Temple (1/1) D:4            Lair (0/5) D:10
    Orc (0/2) D:11        Ossuary (visited)           IceCv (1/1)

Altars:
Ashenzari
Cheibriados
Dithmenos
Elyvilon
Fedhas
Gozag
Hepliaklqana
Kikubaaqudgha
Makhleb
Nemelex Xobeh
Okawaru
Qazlal
Ru
Sif Muna
Trog
Uskayaw
Vehumet
Wu Jian
Xom
Yredelemnul
Zin
The Shining One

Shops:
D:6 [

Annotations:
D:9 exclusion: obsidian statue


Innate Abilities, Weirdness & Mutations

You are immune to sickness and miasma.
Your stone body is resilient. (AC +8)
You are immune to poison.
You resist negative energy. (rN+)
You are resistant to electric shocks. (rElec)
You are resistant to unholy torment.
You are immune to petrification.


Message History

The azure jelly hits you but does no damage. x2
You feel very mighty all of a sudden.
The azure jelly hits you but does no damage. x2
The azure jelly hits you.
* * * LOW HITPOINT WARNING * * *
The azure jelly hits you.
* * * LOW HITPOINT WARNING * * *
The azure jelly attacks as you move away!
You block the azure jelly's attack.
The azure jelly hits you but does no damage. x7
It was a potion of invisibility.
You fade into invisibility!
The azure jelly hits you.
* * * LOW HITPOINT WARNING * * *
The azure jelly freezes you! You resist.
* * * LOW HITPOINT WARNING * * *
The azure jelly hits you but does no damage. x3
The azure jelly attacks as you move away!
You block the azure jelly's attack. x2
The azure jelly hits you but does no damage. x2
An azure jelly comes into view.
Found a viscous altar of Jiyva.
The azure jelly quivers.
The azure jelly hits you but does no damage. x4
The azure jelly attacks as you move away!
The azure jelly barely misses you.
The azure jelly hits you but does no damage.
The azure jelly barely misses you.
The azure jelly hits you but does no damage.
The azure jelly attacks as you move away!
You block the azure jelly's attack.
The azure jelly hits you but does no damage. x3
The azure jelly jiggles.
The azure jelly attacks as you move away!
You block the azure jelly's attack.
The azure jelly hits you but does no damage. x3
The azure jelly hits you.
* * * LOW HITPOINT WARNING * * *
The azure jelly freezes you!! You resist.
You die...

.##..##.......##......#
.##..#....##..##......#
.#J.##..####..##......#
##..#...# #..##......#
#..##..## #..##.##..##
#..##..# ##..##..##.#
#...#..## #..###..####
##..##..###..###...#
.#.J##..##...##J@..##
.##.##...#...##.....#
..#J.#.......#.J.....#
..#....#....##.......#
..##...#....#...#.#...#
#..#...##..##.........#
#..##...##.##..#._.#..#
##..##..#####.. ......#
#...##..# #.. .#...


You could see 2 azure jellies.

Vanquished Creatures
  A quicksilver ooze (IceCv)
  3 two-headed ogres
  A wizard (D:9)
  3 large abominations
  Maurice (D:9)
  An ice statue (IceCv)
  A kobold demonologist (D:9)
  A troll (D:10)
  20 slime creatures (IceCv)
  Sigmund (D:3)
  2 shadows
  2 wyverns (D:9)
  5 yaks (D:8)
  Duvessa (D:4)
  3 orc warriors (D:9)
  2 sky beasts
  4 great orb of eyes simulacra (IceCv)
  An ice beast (D:6)
  2 phantoms
  5 centaurs
  4 slime creature simulacra (IceCv)
  A bullfrog (D:8)
  4 kobold brigands
  2 elf zombies (Ossuary)
  A gnoll sergeant (D:5)
  5 glowing shapeshifter simulacra (IceCv)
  3 scorpions
  7 small abominations (D:9)
  6 wights
  Dowan (D:4)
  3 killer bees (D:10)
  2 howler monkeys (D:10)
  A quasit (D:4)
  2 centaur zombies (Ossuary)
  A jelly (D:8)
  A gnoll bouda (D:8)
  5 orc priests
  Natasha (thrice) (D:2)
  2 iguanas
  2 sleepcaps
  9 orc wizards
  4 shapeshifter simulacra (IceCv)
  2 mummies (Ossuary)
  3 adders
  10 gnolls
  5 white imps
  4 ufetubi
  2 adder zombies (Ossuary)
  3 worms
  5 dart slugs
  22 orcs
  8 ball pythons
  5 bats
  8 endoplasms
  4 giant cockroaches
  10 goblins
  9 hobgoblins
  4 jackals (D:5)
  24 kobolds
  A quokka (D:2)
  5 frilled lizards
  A goblin zombie (Ossuary)
  10 hobgoblin zombies (Ossuary)
  3 jackal zombies (Ossuary)
  9 kobold zombies (Ossuary)
  7 orc zombies (Ossuary)
  5 rats
  3 rat zombies
301 creatures vanquished.

Vanquished Creatures (others)
  A kobold (D:6)
  2 demonic plants (D:4)
3 creatures vanquished.

Grand Total: 304 creatures vanquished

Notes
Turn   | Place    | Note
-------+----------+-------------------------------------------
     0 | D:1      | 12sPaWn12 the Gargoyle Fighter began the quest for the Orb.
     0 | D:1      | Reached XP level 1. HP: 14/14 MP: 1/1
   110 | D:1      | Reached XP level 2. HP: 12/19 MP: 2/2
   258 | D:1      | Reached XP level 3. HP: 24/24 MP: 3/3
   976 | D:2      | Noticed Natasha
   993 | D:2      | Killed Natasha
   994 | D:2      | Reached skill level 3 in Maces & Flails
   994 | D:2      | Reached XP level 4. HP: 8/29 MP: 4/4
  1102 | D:2      | Noticed Natasha
  1111 | D:2      | Killed Natasha
  1640 | D:2      | Noticed Natasha
  1646 | D:2      | Killed Natasha
  1647 | D:2      | Reached XP level 5. HP: 26/33 MP: 5/5
  1990 | D:3      | Found a sparkling altar of Nemelex Xobeh.
  2027 | D:3      | Noticed Sigmund
  2343 | D:3      | Killed Sigmund
  2344 | D:3      | Reached skill level 4 in Maces & Flails
  2344 | D:3      | Reached XP level 6. HP: 39/39 MP: 6/6
  2424 | D:3      | Found a faded altar of an unknown god.
  2438 | D:3      | Found a faded altar of an unknown god.
  2477 | D:3      | Found a stormy altar of Qazlal.
  2537 | D:3      | Found a radiant altar of Vehumet.
  2831 | D:4      | Found a staircase to the Ecumenical Temple.
  2977 | D:4      | Found a sand-covered staircase.
  2984 | Ossuary  | Entered an ossuary
  3100 | Ossuary  | Reached skill level 5 in Maces & Flails
  3115 | Ossuary  | Reached XP level 7. HP: 43/44 MP: 7/7
  3312 | Ossuary  | Reached skill level 5 in Armour
  3577 | Temple   | Entered the Ecumenical Temple
  3586 | Temple   | Became a worshipper of Zin the Law-Giver
  3586 | Temple   | Reached * piety under Zin
  3726 | D:4      | Reached skill level 5 in Fighting
  3758 | D:4      | Noticed Duvessa
  3758 | D:4      | Noticed Dowan
  3777 | D:4      | Killed Duvessa
  3778 | D:4      | Reached skill level 6 in Maces & Flails
  3795 | D:4      | Killed Dowan
  3796 | D:4      | Reached XP level 8. HP: 34/49 MP: 8/8
  4352 | D:5      | Entered Level 5 of the Dungeon
  4805 | D:5      | Reached skill level 1 in Invocations
  4828 | D:5      | Reached ** piety under Zin
  4998 | D:5      | Reached skill level 1 in Evocations
  5169 | D:6      | Found Letu's Antique Armour Shoppe.
  5207 | D:6      | You fall into a shaft and drop 2 floors!
  5367 | D:6      | Reached skill level 5 in Shields
  5586 | D:6      | Reached *** piety under Zin
  5656 | D:6      | Reached skill level 7 in Maces & Flails
  6254 | D:7      | Found a broken altar of Ashenzari.
  6260 | D:7      | Found a white marble altar of Elyvilon.
  6410 | D:7      | Reached XP level 9. HP: 48/55 MP: 10/10
  6848 | D:7      | Reached **** piety under Zin
  7279 | D:8      | Reached skill level 8 in Maces & Flails
  7339 | D:8      | Noticed a two-headed ogre
  8017 | D:8      | Killed a two-headed ogre
  8018 | D:8      | Reached skill level 9 in Maces & Flails
  8018 | D:8      | Reached XP level 10. HP: 35/61 MP: 12/12
  8047 | D:9      | Noticed Maurice
  8293 | D:9      | Killed Maurice
  8325 | D:9      | Noticed a kobold demonologist
  8335 | D:9      | Noticed a sixfirhy
  8479 | D:9      | Noticed an obsidian statue
  8488 | D:9      | Noticed an orange demon
  9377 | D:9      | Noticed a wizard
  9388 | D:9      | Killed a wizard
  9400 | D:9      | Noticed a large abomination
  9423 | D:9      | Reached skill level 10 in Maces & Flails
  9446 | D:9      | Killed a large abomination
  9457 | D:9      | Reached XP level 11. HP: 23/67 MP: 14/14
  9981 | D:9      | Reached ***** piety under Zin
 10121 | D:9      | Noticed a sun demon
 10123 | D:9      | Noticed a soul eater
 10126 | D:9      | HP: 1/67 [ice devil[an obsidian statue] (12)]
 10349 | D:10     | Entered Level 10 of the Dungeon
 10717 | D:10     | Noticed a two-headed ogre
 10728 | D:10     | Killed a two-headed ogre
 10729 | D:10     | Reached skill level 1 in Dodging
 10910 | D:10     | Noticed a two-headed ogre
 11061 | D:10     | Found a staircase to the Lair.
 11246 | D:10     | Identified a scroll of acquirement
 11247 | D:10     | Acquired 892 gold pieces
 11370 | D:10     | Killed a two-headed ogre
 11483 | D:10     | Reached ****** piety under Zin
 11699 | D:11     | Found a frozen archway.
 11708 | IceCv    | Entered an ice cave
 11842 | IceCv    | Reached skill level 11 in Maces & Flails
 11928 | IceCv    | Reached skill level 5 in Invocations
 12957 | IceCv    | Reached XP level 12. HP: 53/75 MP: 11/16
 13068 | IceCv    | Noticed a quicksilver ooze
 13306 | IceCv    | Killed a quicksilver ooze
 13318 | IceCv    | Reached skill level 5 in Evocations
 13915 | IceCv    | Noticed an azure jelly
 13949 | IceCv    | HP: 2/75 [azure jelly (10)]
 13959 | IceCv    | Found a viscous altar of Jiyva.
 13959 | IceCv    | Noticed an azure jelly
 13962 | IceCv    | HP: 3/75 [azure jelly (4)]
 13962 | IceCv    | Demolished by an azure jelly

Illustrated notes

Levels and vault maps discovered:
D:1:      wander_arrival_chamber, layout_rooms
D:2:      minmay_door_path, layout_loops_corners, uniq_natasha
D:3:      layout_rooms, mainiacjoe_overflow_catch_the_wave,
          nemelex_altar_shiori, hellmonk_ecumenical_altar_the_god_not_taken,
          uniq_sigmund
D:4:      layout_basic, minmay_temple_entry_stoned_glass, enter_ossuary_4,
          serial_demonic, serial_demonic_f, serial_demonic_f, serial_demonic_b,
          serial_demonic_f, uniq_duvessa
D:5:      layout_basic, kennysheep_dice
D:6:      layout_gridville, serial_shops, shop_fountains, sigmund_army
D:7:      layout_cave_pods, grunt_temple_overflow_open
D:8:      layout_rooms
D:9:      layout_irregular_city, minivault_16, minmay_misc_feat_alley,
          laboratory, uniq_maurice
D:10:     layout_stronghold, dpeg_oklobed_lair, kennysheep_path_1,
          kennysheep_generic_room_2
D:11:     layout_cave_pools, minmay_orc_entry_guard_dogs,
          portal_ice_cave_entry_pillars_2
Temple:   sentei_temple_godly_chess
IceCv:    ice_cave_hellmonk_azure_passage

Skill      XL: |  1  2  3  4  5  6  7  8  9 10 11 12 |
---------------+-------------------------------------+-----
Fighting       | 4 5 6 7 8 |  8.9
Maces & Flails | 3 4 5 6 7 9 10 11 | 11.9
Armour         | 4 5 6 7 8 9 |  9.6
Shields        | 4 5 7 8 |  8.8
Invocations    | 1 3 4 5 6 |  6.0
Evocations     | 1 2 4 5 |  5.1
Dodging        | 1 |  1.1
Stealth        | |  0.8

Action                     |  1- 3 |  4- 6 |  7- 9 | 10-12 || total
---------------------------+-------+-------+-------+-------++-------
  Melee: Flail             |   126 |   216 |   431 |       ||   773
         Mace              |       |       |   130 |   709 ||   839
         Unarmed           |       |       |       |     5 ||     5
 Invoke: Vitalisation      |       |       |       |     1 ||     1
  Evoke: Wand              |       |       |     5 |    13 ||    18
         Phial of floods   |       |       |       |     1 ||     1
         Phantom mirror    |       |       |       |     1 ||     1
    Use: Potion            |       |     1 |     1 |    15 ||    17
         Scroll            |       |       |       |    28 ||    28
   Stab: Paralysed         |       |       |       |     1 ||     1
 Armour: Scale mail        |    83 |       |       |       ||    83
         Plate armour      |    12 |   193 |   484 |   547 ||  1236
  Dodge: Dodged            |    67 |    71 |   171 |   211 ||   520
  Block: Buckler           |    25 |    45 |   231 |   292 ||   593
         Reflection        |       |       |    14 |     6 ||    20

Table legend: (Time is in decaauts)
 A = Elapsed time spent in this place.
 B = Non-inter-level travel time spent in this place.
 C = Inter-level travel time spent in this place.
 D = Time resting spent in this place.
 E = Time spent auto-exploring this place.
 F = Levels seen in this place.
 G = Mean time per level.
                   A        B        C        D        E       F      G
               +--------+--------+--------+--------+--------+-----+--------+
         Total |  14036 |  13115 |    921 |      0 |   9588 |  14 | 1002.6 |
       Dungeon |  11375 |  10469 |    906 |      0 |   7906 |  11 | 1034.1 |
        Temple |     17 |      2 |     15 |      0 |      0 |   1 |   17.0 |
       Ossuary |    438 |    438 |      0 |      0 |    232 |   1 |  438.0 |
      Ice Cave |   2205 |   2205 |      0 |      0 |   1450 |   1 | 2205.0 |
               +--------+--------+--------+--------+--------+-----+--------+

Top non-repeatable levels by time:
   IceCv: 2205 daAuts
     D:9: 1685 daAuts
     D:2: 1383 daAuts
     D:8: 1328 daAuts
     D:4: 1312 daAuts
    D:10: 1294 daAuts
     D:7: 1203 daAuts
     D:6: 986 daAuts
     D:3: 787 daAuts
     D:5: 706 daAuts
     D:1: 636 daAuts
 Ossuary: 438 daAuts
    D:11: 50 daAuts
  Temple: 17 daAuts
